 Dungeon Crawl Stone Soup version 0.22.0-60-ga52c2fc (webtiles) character file.

190 troglodite the Skirmisher (level 5, -6/63 HPs)
             Began as a Demonspawn Berserker on Sept 10, 2018.
             Was a Believer of Trog.
             Mangled by an orc warrior
             ... wielding a +0 glaive
              (21 damage)
             ... on level 4 of the Dungeon.
             The game lasted 00:07:15 (2532 turns).

troglodite the Skirmisher (Demonspawn Berserker)    Turns: 2532, Time: 00:07:15

Health: -6/63      AC: 13    Str: 22    XL:     5   Next: 41%
Magic:  5/5        EV: 12    Int:  9    God:    Trog [**....]
Gold:   185        SH:  0    Dex: 13    Spells: 4/4 levels left

rFire    + . .     SeeInvis .   a - +0 falchion
rCold    . . .     Gourm    .   (no shield)
rNeg     . . .     Faith    .   m - +3 ring mail {rC+}
rPois    .         Spirit   .   (helmet restricted)
rElec    .         Reflect  .   p - scarf {cloud immunity}
rCorr    +         Harm     .   (no gloves)
MR       .....                  f - +2 pair of boots
Stlth    ..........             (no amulet)
HPRegen  0.20/turn              b - ring of resist corrosion
MPRegen  0.09/turn              u - ring of fire

@: berserking (expiring), very quick
A: horns 2, iridescent scales 1
a: Berserk, Trog's Hand, Renounce Religion


You were on level 4 of the Dungeon.
You worshipped Trog.
Trog was pleased with you.
You were very hungry.

You visited 1 branch of the dungeon, and saw 4 of its levels.

You collected 185 gold pieces.

Inventory:

Hand Weapons
 a - a +0 falchion (weapon)
Armour
 f - a +2 pair of boots (worn)
 m - a +3 ring mail of cold resistance (worn)
 n - a +0 chain mail
 p - a scarf of cloud immunity (worn)
Jewellery
 b - a ring of resist corrosion (left hand)
 u - a ring of fire (right hand)
Scrolls
 d - 5 scrolls of identify {unknown}
 i - 2 scrolls of enchant armour {unknown}
 l - 2 scrolls of fear {unknown}
 o - 2 scrolls of blinking {unknown}
 r - a scroll of teleportation {unknown}
 s - 2 scrolls of remove curse {unknown}
Potions
 e - 2 potions of agility {unknown}
 g - a potion of resistance {unknown}
 h - a potion of mutation {unknown}
 j - a potion of invisibility {unknown}
 k - 2 potions of curing {unknown}
 t - a potion of brilliance {unknown}
Comestibles
 c - 7 rations
 q - 3 chunks of flesh


   Skills:
 * Level 4.0 Fighting
 + Level 4.0 Long Blades
 * Level 2.8 Armour
 * Level 2.6 Dodging


You had 4 spell levels left.
You didn't know any spells.
Your spell library was empty.

Dungeon Overview and Level Annotations

Branches:
Dungeon (4/15)
 Temple: D:4-7

Altars:
Okawaru
Ru
Trog


Innate Abilities, Weirdness & Mutations

You have a pair of horns on your head.
You are partially covered in iridescent scales. (AC +2)


Message History

Unknown command.
You are too injured to fight recklessly!
Unknown command.
The orc hits you with a vampiric short sword.
* * * LOW HITPOINT WARNING * * *
The orc draws strength from your wounds!
Things that are here:
a club; an orc corpse You slash the orc warrior!
Your headbutt misses the orc warrior.
The orc warrior is heavily wounded.
The orc warrior barely misses you.
You riposte.
Your ring mail prevents you from hitting the orc warrior.
The orc warrior is heavily wounded.
You barely miss the orc warrior.
The orc warrior is heavily wounded.
The orc hits you but does no damage.
You barely miss the orc warrior.
The orc warrior is heavily wounded.
The orc warrior hits you with a glaive!!
You die...

#.......... .....#
#.......... ....#
#.......... ....#
#.......... ....
+...<......
#..######+#####..#
##..##..##..####..#
#.o.#....#....#...#
#.@)#....'....#...#
+..o#....#....#...'
##..##..##..####..#
##..##'###..##..####..#
#...........#...'......
##..........#...#......
######..#......##.##..
#################


You could see an orc warrior and an orc.

Vanquished Creatures
  Terence (D:2)
  Robin (D:2)
  4 adders
  3 gnolls (D:2)
  2 worms
  A dart slug (D:2)
  2 leopard geckos
  2 orcs (D:4)
  2 ball pythons
  10 bats
  6 giant cockroaches
  16 goblins
  2 hobgoblins
  7 jackals
  A quokka (D:2)
  A ball python skeleton (D:4)
  5 frilled lizards
  6 kobolds
  A leopard gecko skeleton (D:4)
  2 rats (D:2)
75 creatures vanquished.

Notes
Turn   | Place    | Note
-------+----------+-------------------------------------------
     0 | D:1      | troglodite the Demonspawn Berserker began the quest for the
                  | Orb.
     0 | D:1      | Reached XP level 1. HP: 18/18 MP: 1/1
   141 | D:1      | Gained mutation: You have a pair of small horns on your
                  | head. [demonic ancestry]
   141 | D:1      | Reached XP level 2. HP: 24/24 MP: 2/2
   787 | D:2      | Noticed Terence
   792 | D:2      | Killed Terence
   792 | D:2      | Reached XP level 3. HP: 29/29 MP: 3/3
   900 | D:2      | Gained mutation: You are partially covered in iridescent
                  | scales. (AC +2) [demonic ancestry]
   900 | D:2      | Reached XP level 4. HP: 32/37 MP: 4/4
  1131 | D:2      | Noticed Robin
  1138 | D:2      | Reached ** piety under Trog
  1145 | D:2      | Killed Robin
  1452 | D:2      | Gained mutation: You have a pair of horns on your head.
                  | [demonic ancestry]
  1452 | D:2      | Reached XP level 5. HP: 25/42 MP: 5/5
  1839 | D:2      | Found a bloodstained altar of Trog.
  1845 | D:2      | Found an iron altar of Okawaru.
  1888 | D:2      | Found a sacrificial altar of Ru.
  2516 | D:4      | Noticed an orc warrior
  2532 | D:4      | Mangled by an orc warrior

Skill      XL: |  1  2  3  4  5 |
---------------+----------------+-----
Armour         | 2 |  2.8
Dodging        | 2 |  2.6
Long Blades    | 3 4 |  4.0
Fighting       | 4 |  4.0

Action                   |  1- 3 |  4- 6 || total
-------------------------+-------+-------++-------
Melee: Falchion          |    72 |   128 ||   200
       Headbutt          |     8 |    27 ||    35
Invok: Berserk           |     2 |     3 ||     5
  Eat: Chunk             |     2 |     7 ||     9
Armor: Scale mail        |    29 |       ||    29
       Animal skin       |     5 |       ||     5
       Ring mail         |     7 |    82 ||    89
Dodge: Dodged            |    73 |   102 ||   175
       Rpst.: Falchion   |    22 |    28 ||    50
